 Dungeon Crawl Stone Soup version 0.17.0-26-gececa24 (webtiles) character file.

49 Banto the Sneak (level 3, -1/16 HPs)
             Began as a Spriggan Necromancer on Nov 19, 2015.
             Killed by nerve-wracking pain
             ... invoked by Jessica
              (11 damage)
             ... on level 2 of the Dungeon.
             The game lasted 00:02:13 (2235 turns).

Banto the Sneak (Spriggan Necromancer)              Turns: 2235, Time: 00:02:13

Health: -1/16      AC:  3    Str:  4    XL:     3   Next: 51%
Magic:  2/8        EV: 18    Int: 16    God:
Gold:   49         SH:  0    Dex: 17    Spells: 1 memorised, 6 levels left

rFire  . . .     SeeInvis +     m - +3 dagger (venom)
rCold  . . .     Clarity  .     f - +1 robe
rNeg   . . .     SustAt   .     (shield restricted)
rPois  .         Gourm    .     (helmet restricted)
rElec  .         Spirit   .     (no cloak)
rCorr  .         Warding  .     (gloves unavailable)
rMut   .         Stasis   .     (boots unavailable)
MR     .....                    (no amulet)
Stlth  +++.......               (no ring)
                                (no ring)

@: very quick, not resistant to hostile enchantments, fairly stealthy
A: unfitting armour, see invisible, herbivore 3, speed 3, slow metabolism 2
a: no special abilities


You were on level 2 of the Dungeon.
You were not hungry.

You visited 1 branch of the dungeon, and saw 2 of its levels.

You collected 49 gold pieces.

Inventory:

Hand Weapons
 m - a +3 dagger of venom (weapon)
Armour
 f - a +1 robe (worn)
Jewellery
 j - an uncursed amulet of the gourmand {unknown}
Potions
 a - a potion of flight {unknown}
 d - 3 potions of curing
 e - a potion of magic {unknown}
 h - 2 potions of ambrosia {unknown}
 i - 2 potions of heal wounds {unknown}
 k - a potion of degeneration {unknown}
 l - a potion of brilliance {unknown}
Books
 b - a book of Necromancy

   Spells                             Type                      Level
   a - Pain                           Necromancy                   1
   b - Animate Skeleton               Necromancy                   1
   c - Vampiric Draining              Necromancy                   3
   d - Regeneration                   Charms/Necromancy            3
   e - Animate Dead                   Necromancy                   4
   f - Control Undead                 Necromancy                   4
Comestibles
 c - 2 bread rations
 g - 5 fruits


   Skills:
 - Level 3.0 Dodging
 + Level 4.7 Stealth
 - Level 2.6 Spellcasting
 + Level 4.3 Necromancy


You had 6 spell levels left.
You knew the following spells:

 Your Spells              Type           Power        Failure   Level  Hunger
a - Pain                  Necr           ###.         4%          1    #......


Dungeon Overview and Level Annotations

Branches:
Dungeon (2/15)

Altars:

Annotations:
D:2 Jessica


Innate Abilities, Weirdness & Mutations

You are tiny and cannot use many weapons and most armour.
You have supernaturally acute eyesight.
You are a herbivore.
You cover ground extremely quickly.
You need consume almost no food.


Message History

Aim: Jessica, wielding a club and wearing a robe (moderately wounded, chance to defeat MR: 80%) Jessica convulses in agony!
Casting: Pain
Confirm with . or Enter, or press ? or * to list all spells.
Aiming: Pain
Press: ? - help, Shift-Dir - straight line, f/p - Jessica
Aim: Jessica, wielding a club and wearing a robe (heavily wounded, chance to defeat MR: 80%) Jessica barely resists.
Casting: Pain
Confirm with . or Enter, or press ? or * to list all spells.
Aiming: Pain
Press: ? - help, Shift-Dir - straight line, f/p - Jessica
Aim: Jessica, wielding a club and wearing a robe (heavily wounded, chance to defeat MR: 80%) Jessica convulses in agony!
You hit Jessica but do no damage.
Jessica is almost dead.
Jessica gestures at you while chanting. Pain shoots through your body!
Ouch! That really hurt!
You die...

### ..# #.#
#(# #.# #@#
#@# #.# #.#
#.# #.# #
#.#
#####.#.#
........###
#####.....#


You could see Jessica.

Vanquished Creatures
  2 oozes
  5 bats
  3 giant cockroaches (D:1)
  5 goblins
  4 hobgoblins
  6 kobolds
  4 giant newts
  9 rats
38 creatures vanquished.

Notes
Turn   | Place    | Note
--------------------------------------------------------------
     0 | D:1      | Banto the Spriggan Necromancer began the quest for the Orb.
     0 | D:1      | Reached XP level 1. HP: 9/9 MP: 5/5
   102 | D:1      | Reached XP level 2. HP: 8/13 MP: 3/6
   360 | D:1      | Reached skill level 4 in Stealth
  1205 | D:1      | Reached XP level 3. HP: 8/16 MP: 6/8
  2225 | D:2      | Noticed Jessica
  2235 | D:2      | Killed from afar by Jessica

Action                   || total
-------------------------++-------
Melee: Dagger            ||     9
       Unarmed           ||     2
 Cast: Pain              ||    64
  Use: Scroll            ||     4
 Stab: Sleeping          ||     3
